 Dungeon Crawl Stone Soup version 0.23.2-30-g0e89c35649 (webtiles) character file.

Game seed: 11268450629824151446

8686 teukkam the Blocker (level 11, -2/101 HPs)
             Began as a Minotaur Fighter on June 21, 2019.
             Was an Elder of Nemelex Xobeh.
             Slain by a merfolk
             ... wielding a +0 trident
              (14 damage)
             ... on level 2 of the Lair of Beasts.
             The game lasted 00:33:05 (9223 turns).

teukkam the Blocker (Minotaur Fighter)              Turns: 9223, Time: 00:33:06

Health: -2/101     AC: 10    Str: 27    XL:     11   Next: 13%
Magic:  15/15      EV: 10    Int:  6    God:    Nemelex Xobeh [****..]
Gold:   397        SH: 13    Dex: 19    Spells: 10/10 levels left

rFire    . . .     SeeInvis .   a - +3 hand axe (venom)
rCold    . . .     Gourm    .   G - +0 shield {reflect}
rNeg     . . .     Faith    .   B - +1 ring mail of Vlad {Dex+4 Stlth+} (curse)
rPois    .         Spirit   .   (helmet restricted)
rElec    .         Reflect  +   z - +0 cloak
rCorr    .         Harm     .   t - +0 pair of gloves {Str+3}
MR       .....                  (no boots)
Stlth    +++.......             (no amulet)
HPRegen  0.26/turn              I - +3 ring of dexterity
MPRegen  0.14/turn              E - ring of the Octopus King {AC+1 EV+1 Str+1 Int+1 Dex+1 Stlth+}

@: mesmerised
A: retaliatory headbutt, horns 2
a: Draw Escape, Draw Destruction, Draw Summoning, Triple Draw, Deal Four,
Renounce Religion


You were on level 2 of the Lair of Beasts.
You worshipped Nemelex Xobeh.
Nemelex Xobeh was greatly pleased with you.
You were not hungry.

You visited 3 branches of the dungeon, and saw 13 of its levels.

You collected 644 gold pieces.
You spent 247 gold pieces at shops.

Inventory:

Hand Weapons
 a - a +3 hand axe of venom (weapon)
 b - a +0 blowgun
 c - a +2 dagger of flaming
 g - a +2 falchion of electrocution
 r - a +0 war axe
 F - a +2 short sword of venom
 K - a +1 short sword of electrocution
 M - a +4 whip
 P - a +1 shortbow of flaming
Missiles
 h - 74 sling bullets
 i - 40 poisoned needles
 v - 238 stones (quivered)
 A - 3 exploding tomahawks
Armour
 t - a +0 pair of gloves of strength (worn)
 z - a +0 cloak (worn)
 B - the cursed +1 ring mail of Vlad (worn) {Dex+4 Stlth+}
   (You found it on level 6 of the Dungeon)

   It affects your dexterity (+4).
   It makes you more stealthy.
   It has a curse placed upon it.
 G - a +0 shield of reflection (worn)
Jewellery
 s - an uncursed ring of wizardry
 E - a ring of the Octopus King (right hand) {AC+1 EV+1 Str+1 Int+1 Dex+1 Stlth+}
   (You found it on level 6 of the Dungeon)

   [ring of stealth]

   It affects your AC (+1).
   It affects your evasion (+1).
   It affects your strength (+1).
   It affects your intelligence (+1).
   It affects your dexterity (+1).
   It makes you more stealthy.
 I - a +3 ring of dexterity (left hand)
Wands
 n - a wand of polymorph (6)
 u - a wand of acid (6)
 y - a wand of disintegration (7)
 H - a wand of random effects (9)
Scrolls
 d - 10 scrolls of remove curse
 k - 4 scrolls of identify
 p - 3 scrolls of teleportation
 q - a scroll of magic mapping
 D - a scroll of fog
 L - a scroll of noise {unknown}
 N - 2 scrolls of enchant weapon
Potions
 j - 3 potions of berserk rage {unknown}
 l - 2 potions of degeneration {unknown}
 m - 4 potions of curing
 o - a potion of experience {unknown}
 w - 2 potions of lignification {unknown}
 x - 3 potions of mutation {unknown}
 C - a potion of agility {unknown}
 J - a potion of brilliance {unknown}
 O - a potion of haste {unknown}
Comestibles
 f - 23 rations


   Skills:
 + Level 10.8 Fighting
 - Level 2.5 Long Blades
 + Level 10.1 Axes
 - Level 6.2 Armour
 + Level 10.8 Shields
 + Level 7.9 Invocations


You had 10 spell levels left.
You didn't know any spells.
Your spell library contained the following spells:

 Spells                   Type           Power        Failure   Level  Hunger
 Animate Skeleton         Necr           N/A          77%         1    ##.....
 Apportation              Tloc           #.....       77%         1    ##.....
 Confusing Touch          Hex            #.....       77%         1    ##.....
 Corona                   Hex            #......      77%         1    ##.....
 Summon Small Mammal      Summ           #...         77%         1    ##.....
 Slow                     Hex            #.......     88%         2    ###....
 Confuse                  Hex            #.......     98%         3    ####...
 Gell's Gravitas          Tloc           #.........   98%         3    ####...
 Inner Flame              Hex/Fire       #.......     98%         3    ####...
 Portal Projectile        Hex/Tloc       #.....       98%         3    ####...
 Recall                   Summ/Tloc      N/A          98%         3    ####...
 Animate Dead             Necr           N/A          100%        4    #####..
 Cause Fear               Hex            #.........   100%        4    #####..
 Leda's Liquefaction      Hex/Erth       #.........   100%        4    #####..
 Petrify                  Tmut/Erth      #.......     100%        4    #####..
 Borgnjor's Vile Clutch   Necr/Erth      #.........   100%        5    ######.
 Metabolic Englaciation   Hex/Ice        #.........   100%        5    ######.
 Yara's Violent Unravell  Hex/Tmut       #.........   100%        5    ######.
 Death Channel            Necr           #.........   100%        6    #######
 Simulacrum               Ice/Necr       #.........   100%        6    #######


Dungeon Overview and Level Annotations

Branches:
Dungeon (10/15)            Temple (1/1) D:7            Lair (2/6) D:10
    Orc (0/2) D:9
  Swamp: Lair:2-4    Shoals: Lair:2-4     Snake: Lair:2-4    Spider: Lair:2-4

Altars:
Ashenzari
Cheibriados
Dithmenos
Elyvilon
Gozag
Hepliaklqana
Kikubaaqudgha
Makhleb
Nemelex Xobeh
Okawaru
Qazlal
Ru
Sif Muna
Trog
Uskayaw
Vehumet
Wu Jian
Xom
Zin
The Shining One

Shops:
D:4 *

Annotations:
D:7 3 runed translucent doors, bmj180's ghost, novice DrIE; hitsuchi's ghost, novice FoFi; teukkam's ghost, amateur MiFi


Innate Abilities, Weirdness & Mutations

You reflexively headbutt those who attack you in melee.
You have a pair of horns on your head.


Message History

You headbutt the merfolk! You hit the merfolk.
The merfolk looks as sick as possible!
You headbutt the merfolk, but do no damage.
The merfolk is severely wounded.
You barely miss the merfolk.
The merfolk siren chants its luring song.
The merfolk hits you with a +0 trident!
* * * LOW HITPOINT WARNING * * *
You draw a card...
You have drawn Wild Magic.
The merfolk siren looks as sick as possible!
The merfolk siren looks incredibly sick.
You feel a surge of magic. You block the merfolk's attack.
The merfolk siren chants its luring song.
You block the merfolk's attack.
You feel better.
The merfolk hits you with a cursed +0 trident!
* * * LOW HITPOINT WARNING * * *
The merfolk hits you with a +0 trident!
You die...
Your body glows with a rainbow of weird colours and disappears.

## ##...#.# # ##.##
#....###
##.####.#.####....####
..................l...
.........††...........
......................
###.#.!.#.#..####....
#....##.### ...#
##...###@# ###
........mmm..#
..............#
...............#
.#####.$##P.#...≈ ##
#########..## ###


You could see 2 merfolk and a merfolk siren.

Vanquished Creatures
  Pikel (D:6)
  Maurice (D:9)
  A merfolk siren (Lair:2)
  A rime drake (Lair:1)
  A troll (D:9)
  2 hippogriffs
  7 yaks
  A spriggan (D:7)
  Eustachio (D:6)
  Menkaure (D:6)
  2 water moccasins (D:9)
  A warg (D:6)
  6 porcupines
  2 ice beasts
  3 phantoms
  3 orc warriors
  A sky beast (D:5)
  3 black bears
  A necrophage (D:6)
  A tengu (D:6)
  6 ogres
  2 centaurs
  2 crocodiles
  3 big kobolds
  3 bullfrogs
  2 scorpions
  3 killer bees (D:10)
  An electric eel (Lair:1)
  4 wights (D:9)
  2 crimson imps
  2 centaur zombies
  2 centaur skeletons
  4 hounds
  8 orc priests
  9 orc wizards
  3 iguanas
  6 worker ants
  2 hound skeletons
  2 howler monkey zombies
  A worker ant zombie (D:4)
  13 adders
  4 gnolls (D:2)
  A howler monkey skeleton (D:9)
  A shadow imp (D:6)
  An ooze (D:3)
  2 adder zombies (D:9)
  4 worms
  2 dart slugs
  3 leopard geckos
  39 orcs
  2 ball pythons
  8 giant cockroaches
  7 hobgoblins
  8 jackals
  4 quokkas
  5 bats
  2 frilled lizards (D:3)
  8 goblins
  24 kobolds
  4 rats
249 creatures vanquished.

Vanquished Creatures (collateral kills)
  Duvessa (D:4)
  An ice beast (D:6)
  A bullfrog (D:6)
  Dowan (D:4)
  5 wights (D:6)
  2 orc priests (D:6)
  2 orc wizards
  An orc (D:6)
14 creatures vanquished.

Vanquished Creatures (others)
  A basilisk (Lair:1)
  A hound (D:7)
  An orc priest (D:7)
  An orc wizard (D:7)
  A shadow imp (D:7)
  2 orcs (D:7)
  A kobold (D:7)
  A frilled lizard (D:4)
  4 fungi (D:10)
  4 withered plants (D:7)
17 creatures vanquished.

Grand Total: 280 creatures vanquished

Notes
Turn   | Place    | Note
-------+----------+-------------------------------------------
     0 | D:1      | teukkam the Minotaur Fighter began the quest for the Orb.
     0 | D:1      | Reached XP level 1. HP: 19/19 MP: 0/0
   215 | D:1      | Found a snail-covered altar of Cheibriados.
   333 | D:2      | Reached XP level 2. HP: 24/27 MP: 1/1
   726 | D:2      | Found a shimmering altar of Xom.
   734 | D:2      | Reached XP level 3. HP: 33/33 MP: 2/2
   847 | D:4      | Reached XP level 4. HP: 11/41 MP: 3/3
  1081 | D:4      | Found a sparkling altar of Nemelex Xobeh.
  1092 | D:4      | Became a worshipper of Nemelex Xobeh the Trickster
  1130 | D:4      | Reached XP level 5. HP: 44/47 MP: 4/4
  1168 | D:4      | Found a stormy altar of Qazlal.
  1169 | D:4      | Noticed an air elemental
  1171 | D:4      | Noticed a water elemental
  1171 | D:4      | Noticed a fire elemental
  1227 | D:4      | Received a gift from Nemelex Xobeh
  1227 | D:4      | Noticed Dowan
  1231 | D:4      | Noticed Duvessa
  1234 | D:4      | Killed Dowan
  1241 | D:4      | Killed Duvessa
  1241 | D:4      | Reached skill level 5 in Fighting
  1241 | D:4      | Reached skill level 5 in Armour
  1241 | D:4      | Reached skill level 5 in Shields
  1345 | D:4      | Found Bahoikla's Assorted Antiques.
  1354 | D:4      | Reached XP level 6. HP: 56/56 MP: 5/5
  1715 | D:2      | Noticed a +0 dagger
  1716 | D:2      | Found a hide-covered altar of Uskayaw.
  1716 | D:2      | Noticed a +0 dagger
  1817 | D:2      | Found an iron altar of Okawaru.
  1871 | D:2      | Found a faded altar of an unknown god.
  2100 | D:3      | Found a shadowy altar of Dithmenos.
  2106 | D:3      | Reached * piety under Nemelex Xobeh
  2239 | D:3      | Reached skill level 1 in Long Blades
  2245 | D:3      | Reached skill level 1 in Invocations
  2708 | D:4      | Found a bloodstained altar of Trog.
  2893 | D:4      | Found a burning altar of Makhleb.
  2895 | D:4      | Noticed a green death
  3077 | D:5      | Entered Level 5 of the Dungeon
  3077 | D:5      | Noticed a sky beast
  3085 | D:5      | Reached XP level 7. HP: 20/61 MP: 7/7
  3591 | D:5      | Received a gift from Nemelex Xobeh
  3773 | D:4      | Bought a runed shield for 247 gold pieces
  3939 | D:5      | Reached XP level 8. HP: 66/71 MP: 9/9
  4162 | D:5      | Reached ** piety under Nemelex Xobeh
  4165 | D:5      | Found a deep blue altar of Sif Muna.
  4217 | D:5      | Reached skill level 5 in Axes
  4453 | D:6      | Got a jewelled ring mail
  4464 | D:6      | Identified the cursed +1 ring mail of Vlad {Dex+4 Stlth+}
                  | (You found it on level 6 of the Dungeon)
  4540 | D:6      | Noticed Pikel
  4567 | D:6      | Killed Pikel
  4626 | D:6      | Found a snail-covered altar of Cheibriados.
  4628 | D:6      | Found a glowing golden altar of the Shining One.
  4636 | D:6      | Found a shattered altar of Ashenzari.
  4662 | D:6      | Noticed Menkaure
  4672 | D:6      | Killed Menkaure
  4672 | D:6      | Reached XP level 9. HP: 23/81 MP: 11/11
  4975 | D:6      | Noticed Eustachio
  4988 | D:6      | Killed Eustachio
  5166 | D:6      | Received a gift from Nemelex Xobeh
  5173 | D:6      | Found the ring of the Octopus King
  5180 | D:6      | Got a ring of the Octopus King
  5181 | D:6      | Identified a ring of the Octopus King {AC+1 EV+1 Str+1
                  | Int+1 Dex+1 Stlth+} (You found it on level 6 of the
                  | Dungeon)
  5303 | D:7      | Reached skill level 5 in Invocations
  5779 | D:7      | Found a runed translucent gate.
  5779 | D:7      | Found a runed translucent gate.
  5779 | D:7      | Found a runed translucent gate.
  5779 | D:7      | Noticed hitsuchi's ghost (novice FoFi)
  5780 | D:7      | Noticed teukkam's ghost (amateur MiFi)
  5780 | D:7      | Noticed bmj180's ghost (novice DrIE)
  6032 | D:7      | Found a staircase to the Ecumenical Temple.
  6055 | Temple   | Entered the Ecumenical Temple
  6482 | D:7      | Received a gift from Nemelex Xobeh
  6792 | D:8      | Reached *** piety under Nemelex Xobeh
  6958 | D:8      | Found an ancient bone altar of Kikubaaqudgha.
  7184 | D:9      | Received a gift from Nemelex Xobeh
  7199 | D:9      | Noticed a troll
  7210 | D:9      | Killed a troll
  7210 | D:9      | Reached XP level 10. HP: 90/90 MP: 13/13
  7226 | D:9      | Found a staircase to the Orcish Mines.
  7500 | D:9      | Noticed Maurice
  7526 | D:9      | Killed Maurice
  7980 | D:10     | Entered Level 10 of the Dungeon
  8035 | D:10     | Reached **** piety under Nemelex Xobeh
  8082 | D:10     | Reached skill level 10 in Shields
  8093 | D:10     | Reached skill level 10 in Fighting
  8110 | D:10     | Found a staircase to the Lair.
  8186 | D:10     | Noticed a two-headed ogre
  8190 | Lair:1   | Entered Level 1 of the Lair of Beasts
  8351 | Lair:1   | Received a gift from Nemelex Xobeh
  8608 | Lair:1   | Found a glowing golden altar of the Shining One.
  9182 | Lair:2   | Received a gift from Nemelex Xobeh
  9201 | Lair:2   | Noticed a merfolk siren
  9202 | Lair:2   | Reached XP level 11. HP: 93/101 MP: 15/15
  9207 | Lair:2   | Reached skill level 10 in Axes
  9223 | Lair:2   | Slain by a merfolk

Skill      XL: |  1  2  3  4  5  6  7  8  9 10 11 |
---------------+----------------------------------+-----
Fighting       | 4 5 6 7 9 10 | 10.8
Armour         | 4 5 6 |  6.2
Shields        | 4 5 6 7 9 10 | 10.8
Axes           | 3 4 6 8 9 10 | 10.1
Long Blades    | 1 2 |  2.5
Invocations    | 1 2 4 6 7 |  7.9

Action                   |  1- 3 |  4- 6 |  7- 9 | 10-12 || total
-------------------------+-------+-------+-------+-------++-------
Melee: War axe           |    42 |    24 |       |       ||    66
       Headbutt          |     6 |    16 |    76 |    54 ||   152
       Falchion          |       |   119 |    29 |       ||   148
       Hand axe          |       |       |   245 |   132 ||   377
       Short sword       |       |       |       |    15 ||    15
 Fire: Blowgun           |       |       |    34 |     3 ||    37
 Abil: Draw Destruction  |       |     2 |     5 |     7 ||    14
       Draw Summoning    |       |     1 |     3 |     1 ||     5
       Draw Escape       |       |       |       |     1 ||     1
Evoke: Wand              |       |       |       |     2 ||     2
  Use: Potion            |     1 |       |     2 |     5 ||     8
       Scroll            |       |     5 |     8 |       ||    13
 Stab: Sleeping          |       |       |     6 |     5 ||    11
       Paralysed         |       |       |       |     3 ||     3
  Eat: Chunk             |       |     2 |     5 |     2 ||     9
       Ration            |       |     2 |     2 |     2 ||     6
Armor: Scale mail        |    19 |    71 |    45 |       ||   135
       Ring mail         |       |       |    46 |    26 ||    72
Dodge: Dodged            |    10 |    48 |    89 |    34 ||   181
Block: Shield            |    17 |    82 |   135 |    86 ||   320
       Reflection        |       |       |     3 |     2 ||     5
       Rpst.: Falchion   |       |    10 |       |       ||    10
